 Dungeon Crawl Stone Soup version 0.31.0-4-g52a2dc7128 (webtiles) character file.

Game seed: 16762629575342408101

63 gelatine the Trooper (level 3, 0/29 HPs)
             Began as a Demonspawn Fighter on Jan 21, 2024.
             Slain by Crazy Yiuf
             ... wielding a +4 quarterstaff of chaos
              (1 damage)
             ... on level 3 of the Dungeon.
             The game lasted 00:02:57 (1691 turns).

gelatine the Trooper (Demonspawn Fighter)           Turns: 1691, Time: 00:02:57

Health: 0/29       AC:  6    Str: 18    XL:     3   Next: 89%
Magic:  3/3        EV:  9    Int:  8    God:
Gold:   144        SH:  4    Dex: 12    Spells: 2/2 levels left

rFire   . . .        a - +0 war axe
rCold   . . .        c - +0 buckler
rNeg    . . .        b - +0 scale mail
rPois   .            (no helmet)
rElec   .            (no cloak)
rCorr   +            (no gloves)
SInv    .            (no boots)
Will    .....        (no amulet) Stlth
                     k - ring of resist corrosion
HPRegen 0.24/turn    (no ring)
MPRegen 0.08/turn

%: no passive effects
@: slowed, very slow
A: claws 1
a: no special abilities


You were on level 3 of the Dungeon.
You visited 1 branch of the dungeon, and saw 3 of its levels.

You collected 144 gold pieces.

Inventory:

Hand Weapons
 a - a +0 war axe (weapon)
Missiles
 g - 5 silver javelins (quivered)
 j - 17 stones
 l - 2 javelins
 n - 4 boomerangs
Armour
 b - a +0 scale mail (worn)
 c - a +0 buckler (worn)
Jewellery
 k - a ring of resist corrosion (left claw)
Scrolls
 f - a scroll of enchant armour {unknown}
 o - a scroll of identify {unknown}
 r - a scroll of teleportation {unknown}
 s - a scroll of fog {unknown}
Potions
 d - a potion of might
 e - 2 potions of curing {unknown}
 h - a potion of brilliance {unknown}
 i - 4 potions of ambrosia {unknown}
 m - a potion of magic {unknown}
 p - a potion of lignification {unknown}
 q - a potion of degeneration {unknown}
 t - a potion of heal wounds {unknown}


   Skills:
 + Level 3.4 Fighting
 + Level 2.7 Axes
 + Level 3.1 Armour
 + Level 3.1 Shields


You had 2 spell levels left.
You didn't know any spells.
Your spell library contained the following spells:

 Spells                   Type           Power      Damage    Failure   Level
 Magic Dart               Conj           0%         1d3       86%         1
 Blink                    Tloc           0%         N/A       95%         2
 Call Imp                 Summ           0%         N/A       95%         2
 Jinxbite                 Hex            0%         N/A       95%         2
 Passage of Golubria      Tloc           0%         N/A       100%        4
 Silence                  Hex/Air        0%         N/A       100%        5
 Yara's Violent Unravell  Hex/Alch       0%         3d3       100%        5
 Enfeeble                 Hex            0%         N/A       100%        7
 Lehudib's Crystal Spear  Conj/Erth      0%         10d2      100%        8


Dungeon Overview and Level Annotations

Branches:
Dungeon (3/15)

Altars:

Annotations:
D:3 Crazy Yiuf


Innate Abilities, Weirdness & Mutations

You have sharp fingernails.


Message History

You kill the giant cockroach!
The adder bites you but does no damage. x2
You block the adder's attack.
You see here a giant cockroach corpse.
You slash the adder!
You kill the adder!
Found an escape hatch in the ceiling.
You open the door.
There is an open door here.
There is a stone staircase leading up here.
You open the door.
There is an open door here.
t - a bubbling emerald potion You open the door.
Found a hammer.
There is an open door here.
Found 11 gold pieces and three hammers.
You now have 144 gold pieces (gained 11).
You see here a +0 hammer.
You see here a +0 hammer.
Found four hammers.
Found a runed translucent door.
Crazy Yiuf shouts!
You see here a +0 hammer.
Crazy Yiuf whimpers, "Scoff!
Walk illywillydillykilly stair."
You open the door. You barely miss Crazy Yiuf. Crazy Yiuf barely misses you.
Crazy Yiuf hits you with a +4 quarterstaff of chaos.
Crazy Yiuf burns you.
You barely miss Crazy Yiuf.
Crazy Yiuf hits you with a +4 quarterstaff of chaos.
You hit Crazy Yiuf.
Crazy Yiuf is moderately wounded.
Crazy Yiuf hits you with a +4 quarterstaff of chaos.
You feel yourself slow down.
You hit Crazy Yiuf.
Crazy Yiuf is moderately wounded.
Crazy Yiuf hits you with a +4 quarterstaff of chaos!
* * * LOW HITPOINT WARNING * * *
Crazy Yiuf freezes you.
You die...

# ###♣♣♣♣♣ .#
##.#).♣.♣♣♣ ### ..#
##)..)..♣.)♣#...#
#..###..)...♣♣♣♣@g)..#
#..#....#.♣♣ ♣♣#).)#
#.....##♣♣ ### ##.####
####'#### ........#
........# ........#
####'#########.


You could see Crazy Yiuf.

Vanquished Creatures
  An adder (D:3)
  2 dart slugs
  2 ribbon worms
  3 endoplasms
  3 giant cockroaches
  5 goblins
  6 hobgoblins
  A kobold (D:1)
  A quokka (D:2)
  6 ball pythons
  4 bats
  3 frilled lizards (D:1)
  5 rats (D:1)
42 creatures vanquished.

Notes
Turn   | Place    | Note
-------+----------+-------------------------------------------
     0 | D:1      | gelatine the Demonspawn Fighter began the quest for the
                  | Orb.
     0 | D:1      | Reached XP level 1. HP: 18/18 MP: 1/1
    72 | D:1      | Gained mutation: You have sharp fingernails. [demonic
                  | ancestry]
    72 | D:1      | Reached XP level 2. HP: 24/24 MP: 2/2
   610 | D:2      | Reached XP level 3. HP: 28/29 MP: 3/3
  1683 | D:3      | Found a runed translucent door.
  1684 | D:3      | Noticed Crazy Yiuf
  1691 | D:3      | HP: 1/29 [Crazy Yiuf/+4 quarterstaff of chaos (9)]
  1691 | D:3      | Slain by Crazy Yiuf

Illustrated notes

Levels and vault maps discovered:
D:1:      psy_arrival_conway, layout_rooms, skrybe_limestone_x,
          minmay_tree_intersection
D:2:      layout_basic, kennysheep_pointless_box
D:3:      layout_basic, uniq_crazy_yiuf_cottage

Skill      XL: |  1  2 |
---------------+-------+-----
Axes           | 2 |  2.7
Armour         | 3 |  3.1
Shields        | 3 |  3.1
Fighting       | |  3.4

Action                     || total
---------------------------++-------
  Melee: War axe           ||   120
 Armour: Scale mail        ||    88
  Dodge: Dodged            ||    60
  Block: Buckler           ||    27
